Map: Tropical Sacrifice

Players

Zero - Winner!

  • Race: Terran Terran
  • League: Master
  • Spawn Location: 7:00

RekcOr

  • Race: Protoss Protoss
  • League: Master
  • Spawn Location: 1:00

VOD

Have the link to the VOD?

Description

Time

  • Played on: Jan. 8, 2023, 10:06 p.m.
  • Length: 10:31
Show
View Real Time Build Order
Export as new Build Order

Zero Terran - Winner!

Build Orders: Reaper Expand 

Get SALT Encoding   

  12  0:00  SCV  
  13  0:12  SCV  
  14  0:17  Supply Depot  
  14  0:24  SCV  
  15  0:38  SCV  
  15  0:41  Barracks  
  16  0:43  Refinery  
  16  0:50  SCV  
  17  1:02  SCV  
  18  1:14  SCV  
  19  1:28  Orbital Command, Reaper  
  20  1:42  Command Center  
  20  1:54  Supply Depot  
  20  1:55  SCV  
  20  2:00  Marine  
  22  2:08  Factory  
  22  2:11  SCV  
  23  2:16  Refinery  
  23  2:20  Barracks Reactor  
  23  2:23  SCV  
  24  2:35  SCV  
  25  2:47  SCV  
  26  2:54  Widow Mine  
  26  2:55  Starport  
  26  2:57  Orbital Command, Marine x2  
  30  3:00  SCV  
  31  3:15  SCV, Marine x2  
  31  3:16  Widow Mine  
  36  3:22  Supply Depot  
  36  3:23  SCV  
  38  3:27  SCV  
  38  3:31  Medivac  
  38  3:34  Marine x2  
  40  3:36  SCV  
  40  3:38  Factory Tech Lab  
  40  3:39  SCV  
  44  3:48  SCV  
  45  3:52  SCV, Marine x2  
  45  3:53  Bunker  
  48  4:01  SCV  
  49  4:08  Barracks  
  49  4:09  Factory Tech Lab  
  49  4:10  Marine x2, Raven  
  49  4:14  Supply Depot  
  49  4:15  Refinery  
  53  4:18  SCV  
  54  4:33  Barracks  
  54  4:34  Engineering Bay  
  54  4:35  SCV  
  54  4:36  SCV  
  55  4:48  Siege Tank  
  55  4:51  SCV x2  
  54  4:54  Marine x2  
  56  5:03  Terran Infantry Weapons Level 1  
  56  5:06  Supply Depot, Stimpack, Starport Reactor  
  56  5:07  SCV x2  
  56  5:10  Marine  
  56  5:12  Marine  
  56  5:13  Marine  
  61  5:19  Supply Depot  
  61  5:20  Supply Depot  
  61  5:25  SCV  
  61  5:27  SCV  
  63  5:29  Factory Reactor  
  63  5:31  Marauder  
  65  5:35  Marine x2  
  65  5:37  Command Center  
  65  5:39  Marauder  
  69  5:48  Medivac x2  
  73  5:54  Barracks  
  73  5:55  Combat Shield, Barracks  
  73  5:56  Marine  
  74  5:58  Marine  
  74  5:59  SCV  
  74  6:00  SCV  
  77  6:06  Refinery  
  77  6:08  Widow Mine x2  
  81  6:11  SCV  
  81  6:13  Marine x2  
  81  6:14  Supply Depot  
  81  6:15  Marine  
  81  6:17  Marine  
  86  6:25  Supply Depot  
  86  6:26  Supply Depot  
  86  6:35  Marine x2  
  86  6:36  Widow Mine, Marauder  
  86  6:38  SCV, Supply Depot  
  93  6:44  Barracks Reactor, Barracks Tech Lab  
  93  6:46  SCV  
  94  6:47  Widow Mine, Medivac x2  
  94  6:51  Marine  
  94  6:53  Marine  
  100  6:57  Orbital Command  
  100  7:00  Widow Mine  
  101  7:02  Marine  
  101  7:03  Marauder  
  101  7:07  Terran Infantry Armor Level 1  
  104  7:10  Marine x2  
  104  7:14  SCV, Marine  
  108  7:16  SCV  
  108  7:20  Marauder  
  111  7:24  Marine  
  107  7:32  SCV x3, Marine, Marauder  
  97  7:39  Marine  
  97  7:41  Orbital Command, Marine, Marauder  
  97  7:42  Marine, Marauder  
  97  7:44  SCV  
  97  7:47  Starport  
  97  7:49  Marine  
  97  7:50  SCV  
  98  7:54  Marauder  
  98  7:57  Marine  
  101  7:59  Marine x2  
  101  8:02  Viking  
  101  8:03  Marine, Marauder  
  108  8:10  SCV x3, Marine  
  112  8:15  Viking, Marauder  
  112  8:19  Marine x2  
  117  8:22  SCV x3  
  121  8:29  Viking  
  121  8:30  Marine, Marauder  
  121  8:33  Marine  
  127  8:34  SCV x2  
  127  8:35  Viking  
  131  8:42  Viking  
  131  8:47  Marine  
  131  8:48  Marauder x2  
  136  8:50  Supply Depot  
  136  8:55  Marine, Viking, Supply Depot  
  135  8:57  Supply Depot  
  135  8:58  Marine  
  135  8:59  Marauder  
  135  9:01  Viking  
  140  9:08  Marine, Supply Depot  
  140  9:09  Supply Depot  
  141  9:11  SCV, Marauder  
  141  9:15  Marine  
  141  9:16  Marine, Marauder  
  145  9:19  Viking x2  
  145  9:20  Marine, Marauder  
  152  9:26  SCV, Marine  
  152  9:27  Viking  
  156  9:33  Marine, Marauder  
  156  9:34  Supply Depot  
  156  9:37  Marauder  
  156  9:38  Marine  
  161  9:42  Marauder  
  161  9:48  Marine x2  
  161  9:52  Viking  
  156  9:54  Marauder  
  156  9:57  Viking  
  157  10:01  Marine x2, Marauder  
  157  10:07  Marine x2, Marauder  
Show
View Real Time Build Order
Export as new Build Order

RekcOr Protoss 

Build Orders: 1 Gate Expand, Blink Stalkers 

Get SALT Encoding   

  12  0:00  Probe  
  13  0:12  Probe  
  14  0:18  Pylon  
  14  0:24  Probe (Chrono Boost)  
  15  0:38  Gateway, Probe (Chrono Boost)  
  16  0:44  Probe (Chrono Boost)  
  16  0:49  Assimilator  
  17  0:52  Probe  
  18  1:05  Probe (Chrono Boost)  
  19  1:14  Probe (Chrono Boost)  
  20  1:19  Probe (Chrono Boost)  
  21  1:30  Nexus  
  21  1:41  Cybernetics Core  
  21  1:44  Probe  
  22  1:54  Pylon  
  22  1:57  Assimilator  
  22  1:59  Probe  
  23  2:12  Probe  
  23  2:14  Stalker (Chrono Boost)  
  24  2:18  Warp Gate  
  26  2:24  Probe  
  26  2:42  Probe (Chrono Boost)  
  26  2:43  Probe (Chrono Boost)  
  28  2:51  Probe (Chrono Boost), Stalker  
  31  2:54  Probe (Chrono Boost)  
  32  3:02  Probe  
  32  3:03  Probe  
  34  3:08  Twilight Council  
  34  3:15  Pylon, Probe x2  
  36  3:21  Gateway  
  37  3:27  Probe x2  
  37  3:32  Stalker  
  40  3:39  Probe  
  40  3:40  Probe  
  42  3:49  Nexus  
  42  3:51  Blink (Chrono Boost)  
  42  3:59  Probe x2  
  42  4:02  Robotics Facility  
  44  4:11  Probe  
  44  4:15  Probe  
  44  4:16  Stalker  
  48  4:20  Stalker  
  48  4:22  Pylon  
  48  4:23  Probe (Chrono Boost)  
  51  4:27  Probe (Chrono Boost)  
  51  4:29  Assimilator  
  52  4:35  Probe (Chrono Boost)  
  52  4:37  Probe (Chrono Boost)  
  54  4:40  Probe (Chrono Boost), Stalker  
  54  4:42  Probe (Chrono Boost)  
  48  4:53  Probe (Chrono Boost)  
  48  4:57  Probe (Chrono Boost), Observer  
  48  4:59  Robotics Bay  
  50  5:03  Probe (Chrono Boost)  
  50  5:04  Probe (Chrono Boost)  
  50  5:05  Forge  
  53  5:07  Gateway  
  53  5:09  Probe (Chrono Boost)  
  53  5:11  Probe (Chrono Boost)  
  53  5:12  Probe (Chrono Boost)  
  55  5:16  Probe (Chrono Boost)  
  55  5:19  Probe  
  57  5:24  Probe  
  57  5:27  Forge  
  62  5:28  Immortal (Chrono Boost)  
  62  5:32  Probe (Chrono Boost)  
  63  5:37  Probe (Chrono Boost)  
  63  5:39  Pylon  
  66  5:42  Probe (Chrono Boost)  
  66  5:46  Probe (Chrono Boost)  
  66  5:47  Probe (Chrono Boost)  
  64  5:52  Stalker  
  64  5:53  Stalker  
  64  5:56  Probe x3  
  71  6:04  Colossus (Chrono Boost)  
  71  6:05  Protoss Ground Weapons Level 1 (Chrono Boost)  
  71  6:06  Observer  
  71  6:08  Protoss Ground Armor Level 1 (Chrono Boost)  
  77  6:16  Probe  
  77  6:18  Pylon, Probe  
  78  6:19  Probe  
  78  6:23  Photon Cannon  
  80  6:27  Shield Battery  
  79  6:34  Probe x3  
  79  6:36  Pylon  
  82  6:42  Colossus (Chrono Boost)  
  88  6:51  Gateway  
  88  6:53  Gateway  
  86  7:02  Extended Thermal Lance  
  86  7:05  Zealot x3  
  92  7:11  Photon Cannon  
  92  7:13  Photon Cannon, Shield Battery  
  92  7:15  Shield Battery  
  92  7:26  Zealot  
  92  7:27  Zealot x2  
  76  7:42  Probe x3  
  65  7:47  Stalker  
  65  7:48  Stalker x4  
  75  7:52  Colossus (Chrono Boost)  
  75  7:54  Probe x3  
  75  7:55  Nexus  
  84  7:59  Pylon  
  82  8:06  Probe x2  
  82  8:07  Probe  
  82  8:12  Sentry, Zealot x2  
  89  8:13  Zealot x2  
  89  8:16  Charge  
  89  8:19  Probe x2  
  97  8:22  Assimilator  
  97  8:25  Photon Cannon  
  97  8:26  Probe  
  98  8:27  Assimilator  
  98  8:29  Shield Battery  
  98  8:32  Pylon  
  98  8:34  Photon Cannon, Sentry  
  98  8:37  Probe x2  
  98  8:40  Probe  
  100  8:45  Stalker x2  
  103  8:54  Probe x2  
  105  9:02  Photon Cannon  
  105  9:03  Shield Battery  
  105  9:04  Pylon, Colossus (Chrono Boost)  
  105  9:06  Probe  
  105  9:08  Probe  
  113  9:18  Pylon  
  113  9:20  Pylon  
  113  9:22  Stalker x2  
  113  9:23  Stalker  
  119  9:26  Zealot x2  
  123  9:34  Probe x2  
  123  9:36  Gateway  
  123  9:38  Probe  
  126  9:40  Gateway  
  124  9:46  Probe  
  124  9:50  Stalker  
  124  9:51  Stalker x3  
  85  10:10  Stalker  
  72  10:15  Stalker x2  
  72  10:16  Stalker x2  
Tags
 
Add a new tag
Caveats
  • Supply blocks, unpowered buildings, or Contaminate may cause inaccurate times.
  • Supply counts are checked every 10 seconds.